 Dungeon Crawl Stone Soup version 0.19-a0-470-ga918a2a (webtiles) character file.

95741 Loup the Warrior (level 16, -4/191 HPs)
             Began as an Ogre Berserker on June 3, 2016.
             Was a High Priest of Trog.
             Hit by a large rock thrown by a cyclops (32 damage)
             ... on level 2 of the Orcish Mines.
             The game lasted 02:27:08 (38564 turns).

Loup the Warrior (Ogre Berserker)                  Turns: 38564, Time: 02:27:09

Health: -4/191     AC: 18    Str: 29    XL:     16   Next: 15%
Magic:  16/16      EV: 11    Int:  6    God:    Trog [*****.]
Gold:   2196       SH:  0    Dex: 16    Spells: 0 memorised, 15 levels left

rFire  . . .     SeeInvis .     a - +8 giant club
rCold  . . .     Gourm    +     z - +2 storm dragon armour
rNeg   . . .     Faith    .     (shield currently unavailable)
rPois  .         Spirit   .     I - +2 hat
rElec  +         Dismiss  .     i - +0 cloak
rCorr  .         Reflect  .     (gloves unavailable)
SustAt .         Harm     .     (boots unavailable)
MR     +....                    r - amulet of the gourmand
Stlth  ..........               k - +2 ring of dexterity
                                v - +3 ring of strength

@: somewhat resistant to hostile enchantments, extremely unstealthy
A: unfitting armour, tough skin 1
a: Berserk, Trog's Hand, Brothers in Arms, Burn Spellbooks, Renounce Religion


You were on level 2 of the Orcish Mines.
You worshipped Trog.
Trog was extremely pleased with you.
You were completely stuffed.

You visited 3 branches of the dungeon, and saw 23 of its levels.
You also visited: Labyrinth, Ice Cave and Volcano.

You collected 2196 gold pieces.

Inventory:

Hand Weapons
 a - a +8 giant club (weapon)
 q - a +0 giant spiked club
Missiles
 l - 20 tomahawks
 N - 3 silver javelins
 S - 16 large rocks (quivered)
 W - a tomahawk of dispersal
 Y - 4 poisoned javelins
Armour
 i - a +0 cloak (worn)
 z - a +2 storm dragon armour (worn)
 I - a +2 hat (worn)
Rods
 b - a +5 lightning rod (14/14)
   (You took it off a minotaur in a labyrinth)
 V - a -1 rod of inaccuracy (12/12)
   (You found it in a labyrinth)
Jewellery
 k - a +2 ring of dexterity (right hand)
 o - an uncursed ring of resist corrosion
 r - an amulet of the gourmand (around neck)
 u - an uncursed ring of ice
 v - a +3 ring of strength (left hand)
 O - an uncursed ring of protection from cold {unknown}
Wands
 P - a wand of teleportation (5/9)
 U - a wand of disintegration (14/24)
Scrolls
 d - 3 scrolls of noise
 g - 7 scrolls of teleportation
 h - 11 scrolls of remove curse
 m - a scroll of enchant armour
 p - 4 scrolls of recharging
 t - 2 scrolls of immolation
 y - 2 scrolls of magic mapping
 B - a scroll of fog
 D - 6 scrolls of identify
 E - 3 scrolls of blinking
 J - a scroll of enchant weapon
 Q - a scroll of summoning {unknown}
Potions
 e - 2 potions of flight
 j - 2 potions of ambrosia
 n - a potion of haste
 s - 9 potions of might
 w - 2 potions of cure mutation
 x - 3 potions of brilliance {unknown}
 A - a potion of curing
 C - 2 potions of mutation {unknown}
 F - 3 potions of cancellation {unknown}
 G - a potion of invisibility {unknown}
 H - a potion of magic {unknown}
 K - a potion of lignification {unknown}
 L - 3 potions of resistance {unknown}
 M - 5 potions of degeneration {unknown}
 Z - 3 potions of agility {unknown}
Comestibles
 c - 11 bread rations
 f - 7 meat rations
 R - 6 chunks of flesh
 T - 2 beef jerkies


   Skills:
 + Level 19.4 Fighting
 - Level 18.0 Maces & Flails
 - Level 15.2 Throwing
 - Level 5.1 Armour
 - Level 8.2 Dodging


You had 15 spell levels left.
You didn't know any spells.

Dungeon Overview and Level Annotations

Branches:
Dungeon (13/15)            Temple (0/1) D:4            Lair (8/8) D:10
 Shoals (0/4) Lair:3        Snake (0/4) Lair:3        Slime (0/6) Lair:8
    Orc (2/2) D:9             Elf (0/3) Orc:2
 Vaults: D:13-14

Altars:
Ashenzari
Cheibriados
Dithmenos
Elyvilon
Fedhas
Gozag
Kikubaaqudgha
Makhleb
Qazlal
Ru
Sif Muna
Trog
Uskayaw
Vehumet
Xom
Yredelemnul
The Shining One
Beogh
Jiyva

Shops:
Orc:1 =   Orc:2 }([}

Annotations:
D:2 exclusion: oklob plant
D:7 exclusion: plant
Lair:4 2 exclusions
Lair:8 1 runed door


Innate Abilities, Weirdness & Mutations

You are too large for most types of armour.
You have tough skin. (AC +1)


Message History

The deep troll bites you but does no damage.
The deep troll claws you but does no damage.
The deep troll barely misses you.
Throwing (i - inventory. (,) - cycle):
S - 17 large rocks (quivered)
Press: ? - help, Shift-Dir - straight line, f/p - deep troll
Aim: a deep troll (heavily wounded)
You throw a large rock.
The large rock hits the deep troll but does no damage.
The deep troll is heavily wounded.
The troll bites you but does no damage. The troll barely misses you.
The troll claws you but does no damage. The deep troll bites you!
* * * LOW HITPOINT WARNING * * *
The deep troll claws you!
* * * LOW HITPOINT WARNING * * *
The deep troll claws you!
* * * LOW HITPOINT WARNING * * *
Unknown command.
Okay, then.
The cyclops throws a large rock.
The large rock hits you!!
You die...

...# ####..............### ...#
###............## ...#
##.#..........#### ..##
#........).....#.## ...#
###........).....#..### .∩.#
##........<).........#.# ...#
#....................... ...##
##........)..#.........#
..#.######...[T.@..#####........#
.....##.#)..).....## ##..........
..#.##..(..C.T.....###.#.........
(####)#)#...........#...#........
((#...(.(#.##.......##.#.........
......#.####.......##..#.....#...
....##### ##...........†)).#.#.#
....# #.............####.##
.....# #.##................#


You could see a deep troll, a cyclops and a troll.

Vanquished Creatures
  A frost giant (IceCv)
  An orc warlord (Orc:2)
  Maud (Lair:8)
  3 dire elephants (Lair:8)
  A minotaur (Lab)
  An ogre mage (Orc:2)
  8 hydras
  A queen ant (Lair:8)
  An anaconda (Lair:8)
  13 death yaks
  Nergalle (D:12)
  3 skeletal warriors
  2 hill giants (Orc:2)
  A deep troll (Orc:1)
  A lindwurm (Lair:4)
  5 cyclopes
  3 griffons
  3 orc sorcerers (Orc:2)
  3 manticores
  An ugly thing (D:11)
  3 black mambas
  9 elephants (Lair:8)
  An ice statue (IceCv)
  14 spiny frogs
  5 rime drakes (Lair:6)
  7 komodo dragons
  2 ice devils (Lair:5)
  A tengu conjurer (D:13)
  12 trolls
  16 polar bears (IceCv)
  3 boulder beetles
  3 slime creatures (D:12)
  7 two-headed ogres
  8 blink frogs (Lair:2)
  65 yaks
  A fire bat (Volcano)
  Grum (D:8)
  2 spriggans
  10 wyverns
  6 basilisks
  7 hungry ghosts
  The ghost of fuyune the Skirmisher, an amateur DsFi (D:3)
  16 hippogriffs
  4 nagas (Lair:3)
  12 soldier ants (Lair:8)
  6 wargs
  4 hell hounds (Lair:6)
  22 water moccasins
  17 porcupines
  2 swamp drakes (Lair:7)
  21 orc warriors
  2 sky beasts
  5 ice beasts
  4 phantoms
  2 necrophages
  A wasp (D:12)
  13 centaurs
  22 ogres
  28 wolves
  An eye of draining (D:9)
  2 big kobolds
  22 crocodiles
  22 giant frogs
  2 scorpions (D:9)
  4 killer bees
  3 electric eels
  2 howler monkeys
  3 vampire bats (Lair:7)
  5 wights (D:9)
  2 lava snakes (Volcano)
  7 crimson imps
  2 giant frog zombies
  A quasit (D:8)
  3 centaur zombies
  13 orc priests
  3 centaur skeletons
  6 hounds
  2 giant frog skeletons
  2 jellies
  15 orc wizards
  A gnoll shaman (D:5)
  17 iguanas
  2 hell rats (D:10)
  44 worker ants
  A killer bee zombie (D:6)
  38 sheep
  2 hound skeletons
  2 worker ant zombies
  70 river rats
  17 adders
  8 gnolls
  4 shadow imps
  An ooze (D:2)
  6 worms
  An adder skeleton (D:7)
  2 dart slugs
  4 giant geckos
  80 orcs
  5 ball pythons
  5 giant cockroaches
  10 hobgoblins
  4 jackals (D:4)
  8 quokkas
  15 bats
  3 giant newts
  11 goblins
  A jackal skeleton (D:4)
  18 kobolds
  A quokka skeleton (D:4)
  2 quokka zombies
  14 rats
  3 fungi
  6 plants
947 creatures vanquished.

Vanquished Creatures (collateral kills)
  Gastronok (D:8)
  Maurice (D:8)
  A crocodile (D:8)
  A jelly (D:8)
  A worker ant (D:8)
  An adder (D:8)
  A quokka (D:8)
7 creatures vanquished.

Vanquished Creatures (others)
  A worker ant (Lair:8)
  A bush (Lair:8)
  50 fungi
  38 plants
  7 toadstools (Lair:4)
97 creatures vanquished.

Grand Total: 1051 creatures vanquished

Notes
Turn   | Place    | Note
--------------------------------------------------------------
     0 | D:1      | Loup the Ogre Berserker began the quest for the Orb.
     0 | D:1      | Reached XP level 1. HP: 24/24 MP: 1/1
   188 | D:1      | Reached XP level 2. HP: 16/32 MP: 2/2
   531 | D:1      | Reached skill level 5 in Maces & Flails
   639 | D:1      | Reached ** piety under Trog
   918 | D:2      | Reached XP level 3. HP: 25/39 MP: 3/3
  1565 | D:2      | Found a radiant altar of Vehumet.
  1689 | D:2      | Reached XP level 4. HP: 48/48 MP: 4/4
  2080 | D:2      | Found a blossoming altar of Fedhas.
  2140 | D:2      | Noticed an oklob plant
  2738 | D:3      | Reached XP level 5. HP: 43/54 MP: 5/5
  2919 | D:3      | Found a glowing golden altar of the Shining One.
  3263 | D:3      | Noticed fuyune's ghost (amateur DsFi)
  3271 | D:3      | Killed fuyune's ghost
  3271 | D:3      | Reached XP level 6. HP: 62/62 MP: 6/6
  3509 | D:3      | Found a basalt altar of Yredelemnul.
  3514 | D:3      | Noticed a profane servitor
  3523 | D:3      | Reached *** piety under Trog
  3714 | D:3      | Found a snail-covered altar of Cheibriados.
  3714 | D:3      | Found a white marble altar of Elyvilon.
  3762 | D:3      | Noticed an angel
  4152 | D:4      | Noticed a moth of wrath
  4155 | D:4      | Found a bloodstained altar of Trog.
  4706 | D:4      | Found a sacrificial altar of Ru.
  5062 | D:4      | Found a staircase to the Ecumenical Temple.
  5120 | D:5      | Entered Level 5 of the Dungeon
  5175 | D:5      | Reached skill level 5 in Fighting
  5175 | D:5      | Reached XP level 7. HP: 64/72 MP: 7/7
  5443 | D:5      | Found a hide-covered altar of Uskayaw.
  5456 | D:5      | Found an ancient bone altar of Kikubaaqudgha.
  5579 | D:5      | Reached skill level 6 in Fighting
  5878 | D:5      | Found a runed door.
  6011 | D:5      | Reached **** piety under Trog
  6595 | D:5      | Reached skill level 7 in Fighting
  6595 | D:5      | Reached XP level 8. HP: 65/87 MP: 8/8
  6625 | D:5      | Reached skill level 10 in Maces & Flails
  6923 | D:4      | Reached skill level 8 in Fighting
  7149 | D:5      | Found a roughly hewn altar of Beogh.
  7236 | D:6      | Reached skill level 9 in Fighting
  7469 | D:6      | Found a blossoming altar of Fedhas.
  7513 | D:6      | Found a shimmering altar of Xom.
  7521 | D:6      | Found a stormy altar of Qazlal.
  7521 | D:6      | Found a shattered altar of Ashenzari.
  7525 | D:6      | You fall through a shaft for 2 floors!
  7646 | D:7      | Reached XP level 9. HP: 80/100 MP: 9/9
  7804 | D:7      | Reached skill level 10 in Fighting
  8170 | D:7      | Reached skill level 1 in Throwing
  8402 | D:7      | Received a gift from Trog
  8870 | D:8      | Noticed Gastronok
  8883 | D:8      | Killed Gastronok
  8883 | D:8      | Reached XP level 10. HP: 103/110 MP: 10/10
  8922 | D:8      | Reached skill level 5 in Throwing
  8941 | D:8      | Noticed Grum
  9534 | D:8      | Killed Grum
  9734 | D:8      | Noticed Maurice
  9748 | D:8      | Killed Maurice
  9974 | D:8      | Found a deep blue altar of Sif Muna.
 11253 | D:9      | Found a burning altar of Makhleb.
 11494 | D:9      | Received a gift from Trog
 11781 | D:9      | Reached ***** piety under Trog
 11828 | D:9      | Found a sacrificial altar of Ru.
 12001 | D:9      | Found an opulent altar of Gozag.
 12024 | D:9      | Reached skill level 15 in Maces & Flails
 12024 | D:9      | Reached XP level 11. HP: 117/117 MP: 11/11
 12329 | D:9      | Found a staircase to the Orcish Mines.
 12533 | D:10     | Entered Level 10 of the Dungeon
 12782 | D:10     | Found a staircase to the Lair.
 12950 | D:10     | Identified a -3 rod of inaccuracy (13/13) (You found it on level 10 of the Dungeon)
 13177 | D:11     | Found a labyrinth entrance.
 13180 | Lab      | Entered a labyrinth
 13383 | Lab      | Noticed a minotaur
 13389 | Lab      | Killed a minotaur
 13414 | D:11     | Identified a -1 rod of inaccuracy (12/12) (You found it in a labyrinth)
 13570 | D:11     | Found a shadowy altar of Dithmenos.
 13786 | D:11     | Noticed a brown ugly thing
 13793 | D:11     | Noticed a skeletal warrior
 13795 | D:11     | Killed a brown ugly thing
 13796 | D:11     | Noticed a skeletal warrior
 13799 | D:11     | Noticed a skeletal warrior
 13836 | D:10     | Killed a skeletal warrior
 14123 | Lair:1   | Entered Level 1 of the Lair of Beasts
 14164 | Lair:1   | Noticed a five-headed hydra
 14168 | Lair:1   | Killed a five-headed hydra
 14524 | Lair:1   | Received a gift from Trog
 14524 | Lair:1   | Reached skill level 10 in Throwing
 15880 | Lair:1   | Reached XP level 12. HP: 126/126 MP: 12/12
 15961 | Lair:1   | Received a gift from Trog
 16422 | Lair:2   | Received a gift from Trog
 16498 | Lair:2   | Found a dark tunnel.
 16516 | Volcano  | Entered a volcano
 16833 | Lair:2   | Received a gift from Trog
 17208 | Lair:2   | Noticed a five-headed hydra
 17297 | Lair:2   | Killed a five-headed hydra
 17791 | Lair:3   | Found a staircase to the Snake Pit.
 17925 | Lair:3   | Received a gift from Trog
 18422 | Lair:3   | Found a staircase to the Shoals.
 18628 | Lair:3   | Received a gift from Trog
 19612 | Lair:4   | Reached XP level 13. HP: 133/133 MP: 13/13
 19645 | Lair:4   | Reached skill level 1 in Armour
 19964 | Lair:4   | Reached skill level 5 in Dodging
 19988 | Lair:4   | Reached skill level 11 in Fighting
 21760 | Lair:4   | Noticed a dire elephant
 22000 | Lair:5   | Found a frozen archway.
 22139 | IceCv    | Entered an ice cave
 22173 | IceCv    | Received a gift from Trog
 22275 | IceCv    | Reached skill level 12 in Fighting
 23312 | IceCv    | Noticed a frost giant
 23330 | IceCv    | Received a gift from Trog
 23540 | IceCv    | Killed a frost giant
 23540 | IceCv    | Reached skill level 5 in Armour
 23985 | IceCv    | Reached XP level 14. HP: 149/150 MP: 14/14
 24183 | IceCv    | Got a smoking quarterstaff {god gift}
 25336 | Lair:6   | Reached skill level 13 in Fighting
 25836 | Lair:5   | Received a gift from Trog
 27466 | Lair:6   | Reached skill level 14 in Fighting
 28998 | Lair:7   | Received a gift from Trog
 30174 | Lair:8   | Entered Level 8 of the Lair of Beasts
 30186 | Lair:7   | Received a gift from Trog
 30899 | Lair:8   | Reached skill level 15 in Fighting
 31410 | Lair:8   | Received a gift from Trog
 31654 | Lair:8   | Reached XP level 15. HP: 167/167 MP: 15/15
 32163 | Lair:8   | Received a gift from Trog
 32416 | Lair:8   | Found a runed door.
 32416 | Lair:8   | Found a viscous altar of Jiyva.
 32416 | Lair:8   | Found a staircase to the Slime Pits.
 32489 | Lair:8   | Noticed Maud
 32494 | Lair:8   | Killed Maud
 32494 | Lair:8   | Reached skill level 16 in Fighting
 33591 | Lair:8   | Reached skill level 15 in Throwing
 34209 | Lair:1   | Identified a scroll of acquirement
 35038 | D:12     | Received a gift from Trog
 35038 | D:12     | Reached skill level 17 in Fighting
 35338 | D:12     | Noticed Nergalle
 35386 | D:12     | Killed Nergalle
 36413 | D:13     | Received a gift from Trog
 36437 | D:13     | Reached ****** piety under Trog
 36963 | Orc:1    | Entered Level 1 of the Orcish Mines
 36966 | Orc:1    | Reached skill level 18 in Fighting
 36985 | Orc:1    | Received a gift from Trog
 37149 | Orc:1    | Found Nouch's Jewellery Emporium.
 37242 | Orc:2    | Entered Level 2 of the Orcish Mines
 37242 | Orc:2    | Found a staircase to the Elven Halls.
 37445 | Orc:2    | HP: 7/178 [orc warrior/tomahawk (6)]
 37458 | Orc:1    | HP: 7/178 [orc warrior/glaive of pain (11)]
 37788 | Orc:1    | Reached XP level 16. HP: 188/188 MP: 16/16
 37980 | Orc:2    | Paralysed by an orc sorcerer for 7 turns
 37998 | Orc:2    | Found a radiant altar of Vehumet.
 38059 | Orc:2    | Reached skill level 19 in Fighting
 38256 | Orc:2    | Found Kicoqoed's Gadget Shop.
 38292 | Orc:2    | Received a gift from Trog
 38506 | Orc:2    | Found Eder's Antique Weapon Emporium.
 38508 | Orc:2    | Found Ciosan's Antique Armour Emporium.
 38521 | Orc:2    | Found Gamihoamm's Gadget Shop.
 38564 | Orc:2    | Hit by a large rock thrown by a cyclops

Vault maps used:
D:1:      enne_arrival_octagon_isle
D:2:      nicolae_overflow_crystal_walls, first_bread, tgw_fedhas
D:3:      grunt_temple_overflow_holy_war, gammafunk_temple_overflow_elements
D:4:      lemuel_upstairs_altar, nicolae_ru_sacrificial_ziggurat, tgw_trog,
          temple_statues
D:5:      lemuel_doored_altar, basic_altar, lightli_church_of_beogh
D:6:      grunt_temple_overflow_open, lemuel_coloured_pillars_altar
D:7:      serial_bayou_lagoon_a, kennysheep_generic_room_4
D:8:      lemuel_round_altar, uniq_grum, uniq_gastronok, uniq_maurice
D:9:      nicolae_overflow_hidden_temple, grunt_gozag_breadcrumbs,
          hiddenorc1_lemuel, basic_altar, grunt_pizzeria
D:10:     dpeg_lair_monsters, minivault_19
D:11:     serial_glass, glass_columns_a, glass_columns_a, lab_entry_generic,
          basic_altar, minmay_librarian
D:12:     uniq_nergalle
D:13:     minmay_gold_behind_fungi
Lair:1:   beast_lair_carwin_4, infiniplex_staircase_pool
Lair:2:   nicolae_volcano_entry_s_turn, beast_lair_carwin_5
Lair:3:   minmay_shoals_entry_beasts, guppyfry_snake_entry_garden,
          hangedman_lair_generics_rect
Lair:4:   gammafunk_lair_enchanted_lake, wad_woods_04,
          infiniplex_staircase_pool_2, grunt_megastairs_2
Lair:5:   portal_ice_cave_demonic_guard, lemuel_fruit_fields,
          serial_bayou_shore_b
Lair:6:   nicolae_quartered_pool_little, wad_woods_river_04, minivault_24
Lair:7:   roderic_batcave, guppyfry_lair_drakes
Lair:8:   due_jungle_book, slime_altar_2, zaba_anthell, grunt_megastairs_1,
          uniq_maud
Orc:1:    serial_shops, shop
Orc:2:    st_orc_open, serial_shops, shop, basic_altar
Lab:      labyrinth_spiral, nicolae_lab_big_swirl, nicolae_lab_starburst,
          lab_block
IceCv:    ice_cave_small_giant
Volcano:  volcano_grotto

Skill      XL: |  1  2  3  4  5  6  7  8  9 10 11 12 13 14 15 16 |
---------------+-------------------------------------------------+-----
Maces & Flails | 5 6 7 8 9 11 13 15 16 18 | 18.0
Dodging        | 3 4 7 8 |  8.2
Fighting       | 5 7 9 10 12 15 18 19 | 19.4
Throwing       | 4 8 10 13 14 15 | 15.2
Armour         | 5 |  5.1

Action                   |  1- 3 |  4- 6 |  7- 9 | 10-12 | 13-15 | 16-18 || total
-------------------------+-------+-------+-------+-------+-------+-------++-------
Melee: Mace              |   124 |   105 |       |       |       |       ||   229
       Flail             |       |   106 |    15 |       |       |       ||   121
       Morningstar       |       |       |   129 |       |       |       ||   129
       Giant club        |       |       |    86 |   589 |   464 |    37 ||  1176
       Giant spiked club |       |       |       |       |   578 |       ||   578
Throw: Tomahawk          |       |       |     9 |   187 |    58 |       ||   254
       Javelin           |       |       |       |    37 |    92 |       ||   129
       Large rock        |       |       |       |       |   168 |    31 ||   199
Invok: Berserk           |     1 |     4 |     5 |     7 |    10 |       ||    27
       Trog's Hand       |     1 |     3 |     3 |     5 |     8 |       ||    20
       Burn Spellbooks   |       |       |     2 |     2 |     8 |       ||    12
       Brothers in Arms  |       |       |     1 |     2 |       |       ||     3
Evoke: Rod               |       |       |       |    21 |    14 |       ||    35
  Use: Scroll            |       |       |     8 |     5 |    19 |       ||    32
       Potion            |       |       |       |     2 |    13 |       ||    15
 Stab: Sleeping          |     1 |     2 |     2 |     1 |       |       ||     6
  Eat: Chunk             |     4 |    15 |    14 |    33 |    91 |     4 ||   161
       Bread ration      |       |       |     1 |     4 |       |       ||     5
       Meat ration       |       |       |       |     3 |     1 |       ||     4
       Pizza             |       |       |       |     1 |       |       ||     1
       Fruit             |       |       |       |       |     1 |       ||     1
Armor: Animal skin       |    34 |    46 |    37 |   120 |   103 |       ||   340
       Storm dragon armo |       |       |       |       |   191 |    38 ||   229
Dodge: Dodged            |    67 |    95 |   108 |   308 |   704 |    38 ||  1320
